 Dungeon Crawl Stone Soup version 0.29-a0-2-g12fcac58f8 (webtiles) character file.

Game seed: 10197087842555922213

109683 testman the Brawler (level 16, -3/171 HPs)
             Began as a Troll Monk on Jan 26, 2022.
             Was the Champion of Trog.
             Killed from afar by a hell hog (13 damage)
             ... with a fireball
             ... on level 2 of the Abyss.
             The game lasted 02:03:00 (25534 turns).

testman the Brawler (Troll Monk)                   Turns: 25534, Time: 02:03:01

Health: -3/171     AC: 21    Str: 29    XL:     16   Next: 5%
Magic:  15/15      EV:  8    Int:  6    God:    Trog [******]
Gold:   2247       SH: 10    Dex: 12    Spells: 15/15 levels left

rFire   + . .      SeeInvis .     - Unarmed
rCold   + + +      Faith    .   N - +1 kite shield
rNeg    . . .      Spirit   .   a - +1 ice dragon scales
rPois   +          Reflect  .   o - +2 hat
rElec   +          Harm     .   x - scarf {shadows}
rCorr   +          Rampage  .   (gloves unavailable)
Will    +....                   (boots unavailable)
Stlth   ..........              f - amulet of magic regeneration
HPRegen 1.18/turn               F - +4 ring of protection
MPRegen 0.54/turn               n - ring of protection from fire

@: resistant, unable to read
A: large, unfitting armour, claws 3, regeneration 1, shaggy fur 1, tough skin 1,
[inability to read while threatened]
a: Renounce Religion, Berserk, Trog's Hand, Brothers in Arms


You were on level 2 of the Abyss.
You worshipped Trog.
Trog was exalted by your worship.
You visited 3 branches of the dungeon, and saw 23 of its levels.
You visited the Abyss 4 times.
You also visited: Ice Cave.

You collected 2427 gold pieces.
You spent 180 gold pieces at shops.

Inventory:

Missiles
 i - 807 stones
 l - a throwing net
 m - 23 poisoned darts
 s - 13 boomerangs (quivered)
 t - 9 large rocks
 C - 18 javelins
 J - 2 curare-tipped darts
 L - 6 atropa-tipped darts
Armour
 a - +1 ice dragon scales (worn)
 o - a +2 hat (worn)
 x - a scarf of shadows (worn)
 N - a +1 kite shield (worn)
Jewellery
 f - an amulet of magic regeneration (around neck)
 n - a ring of protection from fire (right claw)
 r - a ring of flight
 F - a +4 ring of protection (left claw)
 H - a ring of resist corrosion
 Q - a ring of protection from cold
Wands
 d - a wand of digging (2)
 q - a wand of flame (34)
 v - a wand of paralysis (8)
 z - a wand of iceblast (15)
 A - a wand of charming (9)
 P - a wand of polymorph (5)
 R - a wand of mindburst (6)
Scrolls
 j - a scroll of identify
 k - 2 scrolls of silence
 T - a scroll of holy word
 U - a scroll of magic mapping
 V - a scroll of brand weapon {unknown}
 W - a scroll of summoning
 Y - a scroll of teleportation
Potions
 c - 7 potions of attraction
 e - 7 potions of mutation
 g - 7 potions of curing
 p - a potion of heal wounds
 w - 2 potions of haste
 B - 3 potions of flight
 D - 3 potions of ambrosia
 E - a potion of berserk rage
 G - 2 potions of resistance
 I - 4 potions of lignification
 M - 2 potions of might
 O - 3 potions of invisibility
 X - 3 potions of magic
Miscellaneous
 b - a condenser vane
 h - a tin of tremorstones (2/2)
 S - a phial of floods (inert)


   Skills:
 + Level 13.9 Fighting
 + Level 11.8 Throwing
 + Level 8.3 Armour
 - Level 4.0 Dodging
 - Level 1.0 Stealth
 + Level 5.7 Shields
 + Level 16.3 Unarmed Combat
 + Level 4.3 Evocations


You had 15 spell levels left.
You didn't know any spells.
Your spell library was empty.

Dungeon Overview and Level Annotations

Branches:
Dungeon (15/15)            Temple (0/1) D:7            Lair (6/6) D:11
 Shoals (0/4) Lair:3        Snake (0/4) Lair:2        Slime (0/5) Lair:5
    Orc (2/2) D:10            Elf (0/3) Orc:2        Vaults (0/5) D:13
 Depths (0/4) D:15          IceCv (visited)

Altars:
Qazlal
Trog
Beogh

Shops:
D:1 !   D:2 :   D:6 !*((   D:11 (   Orc:2 *:([

Annotations:
D:7 2 transporters, badtown22's ghost, novice DsIE
D:11 3 runed translucent doors
Lair:4 1 runed translucent door, Wadghoppo's ghost, journeyman MiHu
Orc:1 Erolcha


Innate Abilities, Weirdness & Mutations

You are too large for most types of armour.
You have claws for hands.
Your natural rate of healing is unusually fast.
You are covered in fur. (AC +1)
You have tough skin. (AC +1)
[You sometimes lose the ability to read scrolls when taking damage.]


Message History

The hell hog is severely wounded.
You closely miss the hell hog.
The hell hog is severely wounded.
A hell hog comes into view.
The hell hog breathes fire at you.
The fireball explodes!
The fireball engulfs you!!
You feel threatened and lose the ability to read scrolls!
The fireball engulfs the hell hog.
The hell hog completely resists.
The fireball engulfs the hell hog.
The hell hog completely resists.
You hear a bellow!
You hear an angry squeal.
You hear a bark! x2
Okay, then.
Aim the phial where?
Press: ? - help, Shift-Dir - straight line, f - hell hog
Aim: a hell hog The torrent of water hits the hell hog!
The hell hog is moderately wounded.
The hell hog is knocked back by the torrent of water.
The wave splashes down.
The hell hog is engulfed in water. x2
You hear a bark! x2; You hear a roar! x2
You block the hell hog's attack. The hell hog breathes fire at you.
The fireball explodes!
The fireball engulfs you!!!
* * * LOW HITPOINT WARNING * * *
The fireball engulfs the hell hog.
The hell hog completely resists.
You hear a bark!
Okay, then.
You cannot read scrolls in your current state!
Unknown command.
Okay, then.
Okay, then.
You feel protected. The hell hog bites you!
* * * LOW HITPOINT WARNING * * *
The hell hog breathes fire at you.
The fireball explodes!
The fireball engulfs you!! You resist.
* * * LOW HITPOINT WARNING * * *
The fireball engulfs the hell hog.
The hell hog completely resists.
The hell hog breathes fire at you.
The fireball explodes!
The fireball engulfs you! You resist.
You die...

.. .. ... ♣♣ . . . .. .
. . ....... .. .♣ . .
...♣. ########
##########..... #....
..........#.8......
..............#......
#........
......#.8...... #
...........@h≈....#
#.........._....#§8≈≈..
#. ..
..........#≈h≈..#..
....
..........#≈8h≈....
#### #############.≈..
....# ♣♣♣♣


You could see 3 hell hogs.

Vanquished Creatures
  A tentacled starspawn (Abyss:2)
  Gastronok (Orc:1)
  A frost giant (IceCv)
  A reaper (Abyss:1)
  A quicksilver ooze (Lair:6)
  A stone giant (D:15)
  Snorg (D:10)
  2 boulder beetles
  4 hydras
  7 centaur warriors
  3 two-headed ogres
  A merfolk avatar (Lair:6)
  An anaconda (Lair:1)
  5 tengu warriors (D:15)
  12 death yaks
  2 thrashing horrors
  Urug (Orc:1)
  An orc high priest (Orc:2)
  A wretched star (Abyss:2)
  A sixfirhy (Abyss:2)
  A fire crab (Lair:1)
  Pikel (D:5)
  A deep elf pyromancer (D:13)
  2 harpies (Lair:6)
  2 orc knights (Orc:2)
  11 ugly things
  2 cyclopes
  3 manticores
  14 elephants
  Maurice (D:10)
  2 centaur zombies
  2 gargoyles
  8 black mambas
  An ice statue (IceCv)
  A smoke demon (Abyss:1)
  3 torpor snails (Lair:1)
  8 cane toads
  2 kobold demonologists
  2 demonic crawlers (D:14)
  17 rime drakes
  2 unseen horrors (D:14)
  2 efreet
  12 komodo dragons
  An ancient zyme (Abyss:1)
  A hellwing (Abyss:1)
  A tengu conjurer (D:15)
  10 polar bears
  3 meliai (D:14)
  2 large abominations
  4 trolls
  3 wind drakes (Lair:6)
  A wind drake (shapeshifter) (D:15)
  A raiju (Abyss:1)
  15 blink frogs
  A raiju (shapeshifter) (D:15)
  14 slime creatures
  A snapping turtle (Lair:6)
  12 dream sheep (Lair:4)
  A flying skull (Abyss:1)
  2 centaur simulacra (D:12)
  2 spriggans (Lair:5)
  A wyvern (D:10)
  2 vampires
  7 basilisks
  3 wraiths
  A yak (shapeshifter) (D:14)
  103 yaks
  4 fire bats
  A steam dragon (D:6)
  Grum (D:8)
  2 chaos spawn (Abyss:2)
  Eustachio (D:4)
  6 vampire mosquitoes
  5 wargs
  4 acid dragons
  4 nagas (Lair:2)
  6 small abominations (Abyss:2)
  15 water moccasins
  22 orc warriors
  Duvessa (D:4)
  2 black bears
  A necrophage (D:5)
  A sky beast (D:6)
  10 ogres
  9 centaurs
  60 wolves
  A phantom (D:4)
  3 kobold brigands
  8 scorpions
  17 bullfrogs
  A gnoll sergeant (D:9)
  A wyvern skeleton (D:5)
  Dowan (D:4)
  13 killer bees
  A vampire bat (D:14)
  3 wights (D:9)
  8 electric eels
  6 howler monkeys
  8 jellies
  A centaur skeleton (D:6)
  20 orc priests
  2 gnoll shamans
  7 hounds
  2 iron imps (Abyss:2)
  Jessica (D:2)
  2 iguanas
  17 orc wizards
  2 howler monkey zombies
  Robin (D:3)
  24 gnolls
  10 adders
  15 white imps (D:12)
  3 ufetubi
  2 dart slugs (D:1)
  75 orcs
  9 bats
  11 endoplasms
  10 giant cockroaches
  13 goblins
  15 hobgoblins
  2 jackals (D:1)
  5 quokkas
  15 ball pythons
  A frilled lizard (D:2)
  10 kobolds
  6 rats
  A starspawn tentacle (Abyss:2)
848 creatures vanquished.

Vanquished Creatures (collateral kills)
  Saint Roka (Orc:2)
  An orc knight (Orc:2)
  2 orc sorcerers (Orc:2)
  A warg (Orc:2)
  4 orc warriors (Orc:2)
  An orc wizard (Orc:2)
  4 orcs (Orc:2)
14 creatures vanquished.

Vanquished Creatures (others)
  A wizard (D:15)
  2 orc wizards
  36 fungi
  36 plants
  8 starspawn tentacles
83 creatures vanquished.

Grand Total: 945 creatures vanquished

Notes
Turn   | Place    | Note
-------+----------+-------------------------------------------
     0 | D:1      | testman the Troll Monk began the quest for the Orb.
     0 | D:1      | Reached XP level 1. HP: 22/22 MP: 0/0
    94 | D:1      | Found Opnul's Distillery.
   110 | D:1      | Reached XP level 2. HP: 28/29 MP: 1/1
   506 | D:1      | Found a faded altar of an unknown god.
   507 | D:1      | Noticed a great orb of eyes
   509 | D:1      | Noticed a shining eye
   509 | D:1      | Noticed an eye of devastation
   509 | D:1      | Noticed an eye of devastation
   517 | D:1      | Prayed at the altar of an unknown god.
   517 | D:1      | Became a worshipper of Trog the Wrathful
   517 | D:1      | Reached * piety under Trog
   517 | D:1      | Reached ** piety under Trog
   910 | D:2      | Reached XP level 3. HP: 37/37 MP: 2/2
   952 | D:2      | Reached skill level 4 in Unarmed Combat
  1062 | D:2      | Noticed Jessica
  1076 | D:2      | Killed Jessica
  1077 | D:2      | Reached XP level 4. HP: 35/45 MP: 3/3
  1114 | D:2      | Reached *** piety under Trog
  1540 | D:2      | Found Tefoaj's Book Emporium.
  1620 | D:3      | Reached XP level 5. HP: 53/54 MP: 4/4
  1673 | D:3      | Noticed Robin
  1687 | D:3      | Killed Robin
  1775 | D:3      | Reached skill level 5 in Unarmed Combat
  2008 | D:3      | Reached XP level 6. HP: 56/62 MP: 5/5
  2207 | D:4      | Noticed Eustachio
  2232 | D:4      | Killed Eustachio
  2277 | D:4      | You fall into a shaft and drop 2 floors!
  2279 | D:6      | Found Rossycw's General Store.
  2282 | D:6      | Bought a scroll of identify for 28 gold pieces
  2288 | D:6      | Bought a potion of curing for 42 gold pieces
  2328 | D:6      | Reached skill level 5 in Fighting
  2328 | D:6      | Reached skill level 6 in Unarmed Combat
  2328 | D:6      | Reached XP level 7. HP: 42/72 MP: 6/6
  2409 | D:6      | Found Toapis's Distillery.
  2416 | D:6      | Bought a potion of heal wounds for 65 gold pieces
  2510 | D:6      | Found Pulaez Riwk's Antique Weapon Shoppe.
  2531 | D:5      | Entered Level 5 of the Dungeon
  2566 | D:4      | Noticed Duvessa
  2567 | D:4      | Noticed Dowan
  2574 | D:4      | Killed Duvessa
  2581 | D:4      | Reached **** piety under Trog
  2584 | D:4      | Killed Dowan
  2974 | D:4      | Reached skill level 7 in Unarmed Combat
  3033 | D:4      | Reached XP level 8. HP: 83/83 MP: 7/7
  3426 | D:5      | Reached skill level 8 in Unarmed Combat
  3590 | D:5      | Noticed Pikel
  3606 | D:5      | Killed Pikel
  3666 | D:5      | Reached XP level 9. HP: 64/93 MP: 8/8
  3793 | D:5      | Reached skill level 9 in Unarmed Combat
  4027 | D:6      | Found Wien Nan's Antique Weapon Shop.
  4741 | D:7      | Noticed a moth of wrath
  4749 | D:7      | Found a transporter.
  4751 | D:7      | Noticed badtown22's ghost (novice DsIE)
  4757 | D:7      | Found a transporter.
  4815 | D:7      | Noticed a two-headed ogre
  4947 | D:7      | Found a staircase to the Ecumenical Temple.
  5380 | D:8      | Reached skill level 10 in Unarmed Combat
  5742 | D:8      | Noticed Grum
  5752 | D:8      | Killed Grum
  5753 | D:8      | Reached XP level 10. HP: 75/107 MP: 9/9
  5757 | D:8      | Reached skill level 1 in Throwing
  6488 | D:9      | Reached ***** piety under Trog
  6494 | D:9      | Reached skill level 11 in Unarmed Combat
  6647 | D:9      | Noticed a two-headed ogre
  6660 | D:9      | Killed a two-headed ogre
  6980 | D:10     | Entered Level 10 of the Dungeon
  7019 | D:10     | Found a stormy altar of Qazlal.
  7087 | D:10     | Received a gift from Trog
  7147 | D:10     | Noticed Maurice
  7169 | D:10     | Killed Maurice
  7656 | D:10     | Found a staircase to the Orcish Mines.
  7682 | D:10     | Reached skill level 10 in Fighting
  7685 | D:10     | Reached XP level 11. HP: 116/117 MP: 10/10
  7704 | D:10     | Noticed Snorg
  7717 | D:10     | Killed Snorg
  7718 | D:10     | Reached skill level 5 in Throwing
  7718 | D:10     | Reached skill level 12 in Unarmed Combat
  7915 | D:11     | Found Kinysseo's Weapon Shoppe.
  8208 | D:11     | Noticed a two-headed ogre
  8239 | D:11     | Killed a two-headed ogre
  8828 | D:11     | Found a staircase to the Lair.
  8872 | D:11     | Found a runed translucent gate.
  8872 | D:11     | Found a runed translucent gate.
  8873 | D:11     | Found a runed translucent gate.
  8873 | D:11     | Noticed a white ugly thing
  8873 | D:11     | Noticed a white ugly thing
  8874 | D:11     | Noticed a red ugly thing
  8874 | D:11     | Noticed a white ugly thing
  8875 | D:11     | Noticed a green ugly thing
  8875 | D:11     | Noticed a red ugly thing
  9132 | D:12     | Noticed a green ugly thing
  9135 | D:12     | Killed a green ugly thing
  9289 | D:12     | Found a frozen archway.
  9298 | IceCv    | Entered an ice cave
  9357 | IceCv    | Noticed a death yak
  9370 | IceCv    | Killed a death yak
  9510 | IceCv    | Noticed a death yak
  9519 | IceCv    | Killed a death yak
  9520 | IceCv    | Reached skill level 13 in Unarmed Combat
  9654 | IceCv    | Noticed a death yak
  9655 | IceCv    | Noticed a death yak
  9662 | IceCv    | Killed a death yak
  9671 | IceCv    | Killed a death yak
  9672 | IceCv    | Reached XP level 12. HP: 83/130 MP: 11/11
  9883 | IceCv    | Noticed a death yak
  9884 | IceCv    | Noticed a frost giant
  9897 | IceCv    | Killed a death yak
  9909 | IceCv    | Killed a frost giant
 10141 | IceCv    | Reached skill level 1 in Armour
 10205 | IceCv    | Noticed a death yak
 10213 | IceCv    | Killed a death yak
 10229 | IceCv    | Noticed a death yak
 10236 | IceCv    | Killed a death yak
 10534 | D:12     | Noticed a six-headed hydra
 10863 | D:12     | Received a gift from Trog
 11114 | D:12     | Noticed a two-headed ogre
 11121 | D:12     | Killed a two-headed ogre
 11683 | D:13     | Noticed a boulder beetle
 11722 | D:13     | Killed a boulder beetle
 11836 | D:13     | Reached skill level 14 in Unarmed Combat
 11840 | D:13     | Reached XP level 13. HP: 79/139 MP: 12/12
 12075 | D:13     | Found a gate to the Vaults.
 13342 | D:14     | Reached skill level 5 in Armour
 14019 | D:15     | Entered Level 15 of the Dungeon
 14638 | D:15     | Reached skill level 10 in Throwing
 14751 | D:15     | Reached XP level 14. HP: 31/150 MP: 13/13
 14832 | D:15     | Found a staircase to the Depths.
 14832 | D:15     | Noticed a stone giant
 14843 | D:15     | Killed a stone giant
 14844 | D:15     | Reached skill level 1 in Shields
 14930 | D:15     | Reached skill level 15 in Unarmed Combat
 15376 | Lair:1   | Entered Level 1 of the Lair of Beasts
 15614 | Lair:1   | Received a gift from Trog
 17001 | Lair:2   | Found a staircase to the Snake Pit.
 17838 | Lair:3   | Reached skill level 1 in Evocations
 17874 | Lair:3   | Found a staircase to the Shoals.
 18007 | Lair:3   | Received a gift from Trog
 19204 | Lair:4   | Reached XP level 15. HP: 161/161 MP: 14/14
 19661 | Lair:4   | Found a runed translucent door.
 19664 | Lair:4   | Noticed Wadghoppo's ghost (journeyman MiHu)
 19665 | Lair:4   | Identified the +2 spear "Ruerau" {holy, rC+ Str+7}
 20282 | Lair:5   | Found a staircase to the Slime Pits.
 20406 | Lair:5   | Reached ****** piety under Trog
 20627 | Lair:5   | Identified the +5 ring mail of Pimea {-Tele Harm rElec}
 20820 | Lair:5   | Received a gift from Trog
 20847 | Lair:5   | Reached skill level 16 in Unarmed Combat
 21281 | Lair:6   | Entered Level 6 of the Lair of Beasts
 21557 | Lair:6   | Reached skill level 5 in Shields
 22120 | Lair:6   | Received a gift from Trog
 22976 | Orc:1    | Entered Level 1 of the Orcish Mines
 23271 | Orc:2    | Entered Level 2 of the Orcish Mines
 23352 | Orc:2    | Found a staircase to the Elven Halls.
 23381 | Orc:2    | Noticed Saint Roka
 23406 | Orc:2    | Killed Saint Roka
 23457 | Orc:2    | Found Yleovail's General Store.
 23756 | Orc:2    | Bought a scroll of teleportation for 45 gold pieces
 23791 | Orc:2    | Received a gift from Trog
 23831 | Orc:2    | Found Xakolucw's Antique Weapon Shoppe.
 23887 | Orc:2    | Found Arem's Antique Armour Shoppe.
 23950 | Orc:2    | Found Iqedosh's Book Shoppe.
 24098 | Orc:2    | Reached XP level 16. HP: 170/170 MP: 15/15
 24541 | Orc:1    | Noticed Gastronok
 24541 | Orc:1    | Noticed Urug
 24541 | Orc:1    | Noticed Erolcha
 24542 | Orc:1    | Cast into level 1 of the Abyss (Erolcha)
 24639 | Orc:1    | Escaped the Abyss
 24721 | Orc:1    | Killed Gastronok
 24729 | Orc:1    | Killed Urug
 24743 | Orc:1    | Cast into level 1 of the Abyss (Erolcha)
 24873 | Abyss:1  | Noticed a tentacled starspawn
 24883 | Abyss:1  | HP: 4/171 [something/ball of steam (26)]
 24944 | Orc:1    | Escaped the Abyss
 25044 | Orc:1    | Cast into level 1 of the Abyss (Erolcha)
 25069 | Abyss:1  | HP: 7/171 [raiju/living lightning (7)]
 25095 | Orc:1    | Escaped the Abyss
 25222 | Orc:1    | Cast into level 2 of the Abyss (Erolcha)
 25451 | Abyss:2  | Found an ornate altar of the Wu Jian Council.
 25497 | Abyss:2  | Noticed a tentacled starspawn
 25519 | Abyss:2  | Killed a tentacled starspawn
 25534 | Abyss:2  | Killed from afar by a hell hog

Illustrated notes

Levels and vault maps discovered:
D:1:      lightli_arrival_maybe_door_vault, layout_basic,
          hellmonk_ecumenical_altar_watching_god, serial_shops,
          nicolae_diamond_shop, minmay_3d_cube
D:2:      minmay_chambers_of_twos, layout_basic, serial_shops,
          nicolae_lakefront_shop, uniq_jessica
D:3:      layout_rooms, uniq_robin
D:4:      layout_loops_ring, uniq_duvessa, uniq_eustachio
D:5:      layout_basic, uniq_pikel
D:6:      layout_loops_ring, serial_shops, nicolae_shop_hallway_stairs,
          shop_fountains, kennysheep_mini_moat, nicolae_shop_crystal
D:7:      layout_loops_ring, temple_green, gammafunk_ghost_wrathful_warriors
D:8:      layout_gridville, uniq_grum
D:9:      layout_cross
D:10:     layout_roguey, grunt_qazlal_clouds, david_orc_1_choice, uniq_snorg,
          uniq_maurice
D:11:     layout_roguey, erik_lair_island,
          ploomutoo_gammafunk_ghost_potion_laboratory, serial_shops,
          nicolae_shop_waterfront
D:12:     layout_basic, serial_ice, serial_ice_b, serial_ice_i, serial_ice_d,
          serial_ice_n, portal_ice_cave_entry_imps
D:13:     layout_basic, david_vaults_1, chequers_serial_rivers_micro_c
D:14:     layout_loops_ring, chequers_garden, hangedman_parallel_progression
D:15:     grunt_enter_depths_snipers, layout_irregular_city, glass_columns_a
Lair:1:   layout_cave_pods, nicolae_lair_lakeside_cave, lemuel_fruit_tree
Lair:2:   layout_gridlike, minmay_snake_entry_guardpost_small, minivault_19,
          grunt_megastairs_4, lemuel_fruit_fields
Lair:3:   layout_gridlike, elwin_shoals_entry_rocks,
          grunt_forest_large_clearings, uniq_sonja
Lair:4:   layout_cave_pods, ebering_ghost_funeral_grove
Lair:5:   layout_roguey, slime_dummy, forest_entry_grove,
          infiniplex_staircase_pool_2
Lair:6:   gammafunk_lair_ancient_temple, layout_regular_city,
          nicolae_lair_time_for_slime
Orc:1:    layout_caves, uniq_gastronok, uniq_urug, uniq_erolcha
Orc:2:    grunt_orc_cross, layout_diamond_mine, minmay_orc_temple_b
Abyss:2:  base: Temple, due_exit_kobolds, hangedman_abyss_or_decor_lesser_grid

Skill      XL: |  1  2  3  4  5  6  7  8  9 10 11 12 13 14 15 |
---------------+----------------------------------------------+-----
Fighting       | 3 4 5 6 7 9 10 11 12 13 | 13.9
Unarmed Combat | 4 5 6 7 8 10 11 13 14 15 16 | 16.3
Throwing       | 4 7 8 10 11 | 11.8
Dodging        | 4 |  4.0
Armour         | 3 5 7 8 |  8.3
Shields        | 4 5 |  5.7
Evocations     | 2 4 |  4.3
Stealth        | |  1.0

Action                   |  1- 3 |  4- 6 |  7- 9 | 10-12 | 13-15 | 16-18 || total
-------------------------+-------+-------+-------+-------+-------+-------++-------
Melee: Unarmed           |    60 |   146 |   183 |   529 |  1433 |   172 ||  2523
       Punch             |       |     4 |     7 |    40 |    30 |       ||    81
Throw: Boomerang         |       |       |       |    10 |   132 |     1 ||   143
       Javelin           |       |       |       |    15 |    14 |       ||    29
       Dart              |       |       |       |     4 |     1 |       ||     5
       Large rock        |       |       |       |       |    17 |     1 ||    18
Invok: Berserk           |       |     3 |     5 |    14 |     9 |     1 ||    32
       Trog's Hand       |       |       |       |       |     2 |     2 ||     4
       Brothers in Arms  |       |       |       |       |     1 |       ||     1
Evoke: Wand              |       |       |       |     3 |    16 |     1 ||    20
       Phial of floods   |       |       |       |       |     1 |     1 ||     2
       Tin of tremorston |       |       |       |       |     1 |       ||     1
  Use: Scroll            |       |     6 |       |    14 |    13 |     4 ||    37
       Potion            |       |       |       |     2 |     5 |     5 ||    12
 Stab: Sleeping          |     3 |     4 |     4 |     1 |       |       ||    12
Armor: Robe              |    20 |    15 |       |    58 |       |       ||    93
       Animal skin       |       |    17 |    50 |    32 |       |       ||    99
       Ice dragon scales |       |       |       |    83 |   889 |   101 ||  1073
Dodge: Dodged            |    24 |    57 |    71 |   244 |   464 |    67 ||   927
Block: Kite shield       |       |       |       |       |   517 |    93 ||   610

Table legend: (Time is in decaauts)
 A = Elapsed time spent in this place.
 B = Non-inter-level travel time spent in this place.
 C = Inter-level travel time spent in this place.
 D = Time resting spent in this place.
 E = Time spent auto-exploring this place.
 F = Levels seen in this place.
 G = Mean time per level.
                   A        B        C        D        E       F      G
               +--------+--------+--------+--------+--------+-----+--------+
         Total |  25411 |  24298 |   1113 |   4165 |  14225 |  28 |  907.5 |
       Dungeon |  14416 |  13626 |    790 |   2009 |   8754 |  15 |  961.1 |
          Lair |   7453 |   7238 |    215 |   1144 |   4504 |   6 | 1242.2 |
  Orcish Mines |   1852 |   1745 |    107 |    455 |    717 |   2 |  926.0 |
         Abyss |    641 |    641 |      0 |      0 |     74 |   4 |  160.2 |
      Ice Cave |   1046 |   1046 |      0 |    556 |    175 |   1 | 1046.0 |
               +--------+--------+--------+--------+--------+-----+--------+

Top non-repeatable levels by time:
    D:11: 1462 daAuts
   Orc:2: 1461 daAuts
  Lair:4: 1422 daAuts
  Lair:1: 1349 daAuts
    D:13: 1319 daAuts
  Lair:6: 1317 daAuts
  Lair:3: 1316 daAuts
    D:14: 1287 daAuts
    D:15: 1272 daAuts
  Lair:5: 1262 daAuts
    D:10: 1085 daAuts
   IceCv: 1046 daAuts
    D:12: 966 daAuts
     D:7: 881 daAuts
     D:1: 859 daAuts
